Valora, chaotic female human Wizard ------- |.....| |.*...| ------------ |.....| +...........# |.....-# |.<.----...|# |SS...|# #....| |...|# ## |@S...| #|...----...|### # ----.-- |..........|########`## ########### ------%-----# ### # # ####### # ### ### #### # #%# ## #### -----|--- ### # |.......| # ##.........#### # |.......| --------- Valora the Conjurer Experience level: 5 Strength: 10 Dexterity: 11 Constitution: 9 Intelligence: 18 Wisdom: 19 Charisma: 9 Health: 0(38) Energy: 63(63) Def: 0 Gold: 380 Moves: 1920 Dungeon seed: -2-4wudfi6IGsd9s Game ID: Valora_1543251037 Your Inventory: Coins $ - 380 gold pieces Weapons a - a blessed +1 quarterstaff (weapon in hands) i - an uncursed +0 orcish dagger Comestibles g - an uncursed food ration h - 2 uncursed lichen corpses Scrolls p - an uncursed scroll of light w - an uncursed scroll of scare monster Spellbooks b - a blessed spellbook of force bolt c - an uncursed spellbook of cure sickness Potions u - an uncursed potion of oil Wands d - an uncursed wand of nothing (0:8) Spells and supernatural/magical abilities: Name Level Category Fail Memory a - force bolt 1 attack 0% 91% K - cure sickness 3 healing 63% 91% W - pray for help -- divine ? -- Your skills at the end: Miscellaneous Skills wands [Basic] Weapon Skills quarterstaff [Basic] Spellcasting Skills attack spells [Basic] enchantment spells [Basic] Final Attributes: You were piously aligned. You were very stealthy. You are dead. Vanquished creatures: 2 small mimics a fog cloud a gnome lord a homunculus 2 werejackals a large kobold 4 giant rats a brown mold a green mold 2 kobolds 4 newts 2 goblins 5 sewer rats 2 bats 5 lichens 34 creatures vanquished. Voluntary challenges: You did not adorn yourself with jewelry or accessories. You did not cause conflict. You were not invisible. You did not have reflection. You were not displaced. You used a wielded weapon 73 times, starting on turn 38. You did not use tools. You read items or engraved 4 times, starting on turn 711. You never genocided any monsters. You never polymorphed an object. You changed form 1 time, starting on turn 1501. You used no wishes. You never split a pudding. You never wrote Elbereth's name. You violated your moral code, losing 1 point of alignment, starting on turn 1576. Dungeon overview: The Dungeons of Doom: levels 1 to 4 Level 1 a long staircase Level 2 Level 3 an armor shop, an altar to Thoth, a sink a long staircase Level 4 <- You were here a fountain History has recorded: On T:1 you entered the Dungeons of Doom to retrieve the Amulet of Yendor! On T:314 you reached level 2 of The Dungeons of Doom. On T:323 you advanced to experience level 2. On T:574 you reached level 3 of The Dungeons of Doom. On T:605 you advanced to experience level 3. On T:715 you advanced to experience level 4. On T:1497 you advanced to experience level 5. On T:1774 you reached level 4 of The Dungeons of Doom. Score breakdown: Gold: 380 ( 38 points) Experience: 5 levels ( 400 points) Exploration: 4 levels ( 90 points) Discoveries: 9 items ( 450 points) Variety of kills: 15 monsters ( 750 points) Major goal: (nothing yet) ( 0 points) Survival: died (score multiplied by 3) Total score: 5184 Latest messages: The cool draught refreshes you. An endless stream of snakes pours forth! The water moccasin bites! (3x) You hit the water moccasin. You hit the water moccasin! The water moccasin bites! (5x) You return to human form! The water moccasin bites! You hit the water moccasin. The water moccasin bites! (3x) As you read the scroll, it disappears. (You can name a scroll labeled ETAOIN SHRDLU from the item naming menu.) The water moccasin bites! (3x) As you read the scroll, it disappears. The ceiling rumbles above you! You are hit by a boulder! The water moccasin bites! (3x) The water moccasin's bite was poisoned! You die... Final status: Goodbye Valora the Wizard, poisoned by a water moccasin... You died in The Dungeons of Doom on dungeon level 4 with 5184 points, and 380 pieces of gold, after 1920 moves. You were level 5 with a maximum of 38 hit points when you died.